[Event "Titled Tuesday Blitz August 15 Early 2023"]
[White "Bernadskiy, Vitaliy"]
[Black "Namitbir Singh Walia"]
[WhiteFideId "14100371"]
[BlackFideId "35071068"]
[WhiteElo "2851"]
[BlackElo "2400"]
[Result "1-0"]
[Round "2"]
[TimeControl "180+1"]
[Date "2023.08.15"]
[WhiteClock "0:01:17"]
[BlackClock "0:00:17"]
[Board "130"]

1. b3 e5 2. Bb2 Nc6 3. Nf3 d6 4. d4 g6 5. dxe5 Bg7 6. Na3 Nxe5 7. Nxe5 Bxe5 8. Bxe5 dxe5 9. Qxd8+ Kxd8 10. O-O-O+ Ke7 11. g3 Be6 12. Nb5 c6 13. Nc7 Rc8 14. Nxe6 Kxe6 15. Bh3+ f5 16. e4 Nf6 17. f3 Rhd8 18. Rde1 Rd4 19. Re2 c5 20. Rhe1 Nd7 21. f4 Kf6 22. exf5 gxf5 23. fxe5+ Ke6 24. Rf1 Rf8 25. Rxf5 Rxf5 26. Rf2 Nxe5 27. Bxf5+ Ke7 28. Bxh7 Ng4 29. Re2+ Kf6 30. Bd3 Ne5 31. Kd2 Nxd3 32. cxd3 Rd7 33. Rf2+ Kg5 34. Rf4 b6 35. h4+ Kh5 36. Ke3 Rg7 37. Kf3 Rd7 38. Rf5+ Kg6 39. Rg5+ Kf6 40. Ke3 Re7+ 41. Kf4 Re1 42. Rf5+ Kg6 43. h5+ Kh6 44. Rf6+ Kg7 45. Rg6+ Kh7 46. g4 Rf1+ 47. Kg5 Ra1 48. Rd6 Rxa2 49. Rd7+ Kg8 50. Kg6 Kf8 51. h6 Rh2 52. h7 Ke8 53. Rxa7 1-0


[Site "https://www.chess.com"]

[Event "Titled Tuesday Blitz August 15 Early 2023"]
[White "Kukhmazov, Arsen"]
[Black "Hoffmann, Asa"]
[WhiteFideId "24108260"]
[BlackFideId "2001470"]
[WhiteElo "2838"]
[BlackElo "2398"]
[Result "1-0"]
[Round "2"]
[TimeControl "180+1"]
[Date "2023.08.15"]
[WhiteClock "0:00:18"]
[BlackClock "0:00:14"]
[Board "131"]

1. d4 Nf6 2. c4 c5 3. d5 e5 4. Nc3 d6 5. e4 Be7 6. Nf3 Nbd7 7. Bd3 Nf8 8. Qc2 Ng6 9. g3 Bg4 10. Be2 Qd7 11. Be3 a6 12. a4 b6 13. Nd2 O-O 14. f3 Bh3 15. a5 bxa5 16. Nb3 h6 17. Nxa5 Nh7 18. Nc6 Bg5 19. Nd1 f5 20. exf5 Bxf5 21. Bd3 Bxd3 22. Qxd3 Rxf3 23. Qxg6 Bxe3 24. Ra3 Rf6 25. Qe4 Bd4 26. h4 Raf8 27. Rxa6 Bf2+ 28. Kd2 Bxg3 29. Ra7 Qe8 30. Qg4 Bf4+ 31. Kc2 R6f7 32. Rxf7 Qxf7 33. Nc3 Nf6 34. Qf5 Qh5 35. Ne7+ Kh8 36. Ng6+ Kg8 37. Qxh5 Nxh5 38. Nxf8 Kxf8 39. Ne4 Ke7 40. Rg1 Bg3 41. Nxg3 Nf4 42. Nf5+ 1-0


[Site "https://www.chess.com"]

[Event "Titled Tuesday Blitz August 15 Early 2023"]
[White "Fernandez Garcia, Gumersindo"]
[Black "Nenezic, Marko"]
[WhiteFideId "24516740"]
[BlackFideId "912123"]
[WhiteElo "2394"]
[BlackElo "2827"]
[Result "0-1"]
[Round "2"]
[TimeControl "180+1"]
[Date "2023.08.15"]
[WhiteClock "0:00:14"]
[BlackClock "0:00:53"]
[Board "132"]

1. d4 Nf6 2. c4 e6 3. Nc3 Bb4 4. Qc2 c5 5. dxc5 Na6 6. a3 Bxc3+ 7. Qxc3 Nxc5 8. Nf3 b6 9. b4 Nce4 10. Qc2 Ba6 11. e3 Rc8 12. Bd3 Nd6 13. Nd2 Qc7 14. Bb2 Nxc4 15. Nxc4 Bxc4 16. Bxc4 Qxc4 17. Qxc4 Rxc4 18. Bxf6 gxf6 19. Kd2 Ke7 20. Rac1 Rhc8 21. Rxc4 Rxc4 22. h4 h5 23. g3 f5 24. Rb1 b5 25. Rb2 d5 26. Rb1 Kd6 27. Kd3 Ke5 28. Rd1 a6 29. Re1 a5 30. Rb1 axb4 31. axb4 Kd6 32. Rb2 e5 33. Kd2 d4 34. Rb1 Kd5 35. exd4 Rxd4+ 36. Ke3 f4+ 37. Ke2 Ke4 38. Rb3 f3+ 39. Rxf3 Rd2+ 40. Kxd2 Kxf3 41. Ke1 f5 42. Kf1 e4 43. Ke1 e3 44. fxe3 Kxe3 0-1


[Site "https://www.chess.com"]

[Event "Titled Tuesday Blitz August 15 Early 2023"]
[White "Klukin, Kirill"]
[Black "Biastoch, Bennet"]
[WhiteFideId "24199273"]
[BlackFideId "12939889"]
[WhiteElo "2811"]
[BlackElo "2391"]
[Result "1-0"]
[Round "2"]
[TimeControl "180+1"]
[Date "2023.08.15"]
[WhiteClock "0:00:25"]
[BlackClock "0:00:30"]
[Board "133"]

1. d4 d5 2. c4 c6 3. Nc3 Nf6 4. Nf3 e6 5. e3 Nbd7 6. Qc2 Bd6 7. Bd3 dxc4 8. Bxc4 b5 9. Be2 Bb7 10. O-O a6 11. Rd1 O-O 12. e4 Be7 13. Bf4 Nh5 14. Be3 Nhf6 15. Rac1 Qc7 16. Bg5 h6 17. Bh4 b4 18. Na4 c5 19. d5 exd5 20. exd5 Bxd5 21. Nd4 Rfe8 22. Nf5 Bf8 23. Ne3 Be4 24. Qb3 Qb7 25. Bxf6 Nxf6 26. Nxc5 Bxc5 27. Rxc5 Bxg2 28. Rdc1 Bf3 29. Rc7 Bd5 30. Rxb7 Bxb3 31. axb3 a5 32. Rcc7 Red8 33. Bc4 1-0


[Site "https://www.chess.com"]

[Event "Titled Tuesday Blitz August 15 Early 2023"]
[White "MarijaKuznecova"]
[Black "Guliyev, Namig"]
[BlackFideId "13400363"]
[WhiteElo "2388"]
[BlackElo "2803"]
[Result "0-1"]
[Round "2"]
[TimeControl "180+1"]
[Date "2023.08.15"]
[WhiteClock "0:00:14"]
[BlackClock "0:00:58"]
[Board "134"]

1. e4 e5 2. Nf3 Nf6 3. Nxe5 d6 4. Nf3 Nxe4 5. d4 d5 6. Bd3 Bd6 7. O-O O-O 8. c4 c6 9. cxd5 cxd5 10. Nc3 Nxc3 11. bxc3 h6 12. Rb1 Nd7 13. Rb5 Nb6 14. h3 Bd7 15. Rb1 Rc8 16. Bd2 Qc7 17. Nh4 Bf4 18. Rc1 Na4 19. Bf5 Bxd2 20. Qxd2 g5 21. Bxd7 Qxd7 22. Nf3 b5 23. Nxg5 Nxc3 24. Nf3 b4 25. Qxh6 Qf5 26. Nh4 Qh7 27. Qg5+ Qg7 28. Qd2 Qxd4 29. Qg5+ Qg7 30. Qd2 Rfe8 31. Nf5 Qf6 32. Ng3 a5 33. Kh1 Re6 34. Nh5 Qh6 35. Nf4 Re4 36. g3 Rxf4 37. gxf4 Qxh3+ 38. Kg1 Rc6 39. Qc2 Ne2+ 0-1


[Site "https://www.chess.com"]

[Event "Titled Tuesday Blitz August 15 Early 2023"]
[White "Jakubowska, Anna"]
[Black "Beerdsen, Thomas"]
[WhiteFideId "1121952"]
[BlackFideId "1030108"]
[WhiteElo "2385"]
[BlackElo "2802"]
[Result "0-1"]
[Round "2"]
[TimeControl "180+1"]
[Date "2023.08.15"]
[WhiteClock "0:00:11"]
[BlackClock "0:02:10"]
[Board "135"]

1. e4 e5 2. Nc3 f5 3. d3 Nf6 4. exf5 d5 5. g4 h6 6. Bg2 c6 7. Qe2 Bd6 8. f4 O-O 9. fxe5 Bxe5 10. Nf3 Bxc3+ 11. bxc3 Re8 12. Ne5 Nxg4 13. Qxg4 Rxe5+ 14. Kd1 Bxf5 15. Qg3 Re6 16. Rf1 Rg6 17. Qf4 Bg4+ 18. Bf3 Bxf3+ 19. Rxf3 Nd7 20. Be3 Qe7 21. Kd2 Rf8 0-1


[Site "https://www.chess.com"]

[Event "Titled Tuesday Blitz August 15 Early 2023"]
[White "Javakhadze, Zurab"]
[Black "Kazakov, Mikhail"]
[WhiteFideId "13603647"]
[BlackFideId "14102749"]
[WhiteElo "2772"]
[BlackElo "2384"]
[Result "0-1"]
[Round "2"]
[TimeControl "180+1"]
[Date "2023.08.15"]
[WhiteClock "0:00:05"]
[BlackClock "0:00:14"]
[Board "136"]

1. Nf3 d5 2. g3 c6 3. Bg2 g6 4. O-O Bg7 5. d3 Nf6 6. Nbd2 O-O 7. e4 Bg4 8. h3 Bxf3 9. Qxf3 dxe4 10. dxe4 e5 11. Qe2 Nbd7 12. Nc4 Qe7 13. b3 Rfd8 14. Ba3 Qe6 15. Rfd1 Bf8 16. Bb2 b5 17. Ne3 Bc5 18. Rd3 Nf8 19. Rad1 Rxd3 20. Rxd3 Qe7 21. Qd2 Ne6 22. Bxe5 Ng5 23. Bxf6 Qxf6 24. f4 Ne6 25. e5 Qe7 26. Kh2 Rd8 27. Ng4 Rxd3 28. Qxd3 Bb6 29. Nf6+ Kg7 30. Qd6 Qxd6 31. Ne8+ Kf8 32. Nxd6 Nd8 33. g4 Bc5 34. Kg3 Bxd6 35. exd6 Ke8 36. c4 bxc4 37. bxc4 c5 38. f5 g5 39. Bd5 Kd7 40. Kf3 Kxd6 41. Ke4 f6 42. a3 Nc6 43. Bxc6 Kxc6 44. a4 a5 45. Kd3 Kd6 46. Ke4 h6 47. Kd3 Ke5 48. Ke3 Kd6 49. Ke4 Kc6 50. Ke3 Kd6 51. Ke4 Kc6 52. Kf3 Kd6 53. Ke3 Ke5 54. Kd3 Kf4 55. Kd2 Ke4 56. Ke2 Kd4 57. Kf3 Kxc4 58. Ke4 Kb3 59. Kd5 c4 60. Ke6 c3 61. Kxf6 c2 62. Kg7 c1=Q 63. f6 Qc3 64. Kg6 Qc5 65. Kxh6 Qf8+ 66. Kxg5 Kxa4 67. h4 Kb5 68. Kf5 a4 69. g5 a3 70. g6 a2 71. Ke6 a1=Q 72. g7 Qa2+ 73. Kf5 Qff7 74. Kg5 Qg2+ 0-1


[Site "https://www.chess.com"]

[Event "Titled Tuesday Blitz August 15 Early 2023"]
[White "Cheer_Down"]
[Black "Rustemov, Alexander"]
[BlackFideId "4119002"]
[WhiteElo "2383"]
[BlackElo "2768"]
[Result "0-1"]
[Round "2"]
[TimeControl "180+1"]
[Date "2023.08.15"]
[WhiteClock "0:01:04"]
[BlackClock "0:01:05"]
[Board "137"]

1. e4 e6 2. d4 d5 3. Nc3 dxe4 4. Nxe4 Bd7 5. Nf3 Bc6 6. Bd3 Nd7 7. Bf4 Ngf6 8. Nxf6+ Nxf6 9. O-O Bxf3 10. Qxf3 c6 11. Be5 Bd6 12. Rad1 Bxe5 13. dxe5 Nd7 14. Qg3 Qc7 15. Qxg7 Qxe5 16. Qxe5 Nxe5 17. Be2 Ke7 18. f4 Nd7 19. Kf2 h5 20. h4 Nf6 21. Bf3 Rad8 22. Rxd8 Rxd8 23. Rd1 Rg8 24. c4 Ng4+ 25. Bxg4 Rxg4 26. g3 f6 27. c5 e5 28. fxe5 fxe5 29. Rd6 Rc4 30. Rh6 Rxc5 31. Rxh5 Kf6 32. g4 Rc2+ 33. Kf3 Rxb2 34. Rh6+ Kg7 35. Re6 Kf7 36. Rxe5 Rxa2 37. g5 Rh2 38. Kg4 b6 39. Rf5+ Ke6 40. Rf6+ Kd5 41. g6 a5 42. h5 a4 43. Rf3 Rg2+ 44. Rg3 Rxg3+ 45. Kxg3 Ke6 46. h6 Kf6 47. h7 Kg7 48. Kf3 a3 0-1


[Site "https://www.chess.com"]

[Event "Titled Tuesday Blitz August 15 Early 2023"]
[White "Schmakel, Sam"]
[Black "Slovineanu, Viacheslav"]
[WhiteFideId "2039311"]
[BlackFideId "13900510"]
[WhiteElo "2762"]
[BlackElo "2382"]
[Result "1-0"]
[Round "2"]
[TimeControl "180+1"]
[Date "2023.08.15"]
[WhiteClock "0:00:08"]
[BlackClock "0:00:06"]
[Board "138"]

1. c4 e5 2. Nc3 Bb4 3. Nd5 Be7 4. d4 exd4 5. Qxd4 Nf6 6. Nxe7 Qxe7 7. g3 Nc6 8. Qe3 Qxe3 9. Bxe3 d6 10. Bg2 Be6 11. b3 a5 12. Nf3 a4 13. O-O Nb4 14. Nd4 c6 15. a3 Na6 16. Nxe6 fxe6 17. b4 d5 18. b5 Nc7 19. bxc6 bxc6 20. Rab1 Kd7 21. Rb7 Rhb8 22. Rfb1 Rxb7 23. Rxb7 Kc8 24. Rb6 Ra6 25. Rxa6 Nxa6 26. Kf1 Kd7 27. cxd5 Nxd5 28. Bd4 g6 29. Ke1 Nac7 30. Kd2 Nb5 31. Bc5 Ndc7 32. Kc2 Na6 33. Bf8 c5 34. Kb2 Nac7 35. e3 Na6 36. Bf1 Kc6 37. Bc4 e5 38. Bg7 Nac7 39. Bxe5 Nd6 40. Bxd6 Kxd6 41. Kc3 g5 42. f4 h6 43. e4 Ne8 44. e5+ Kc6 45. Kd3 Nc7 46. f5 Na8 47. f6 Kd7 48. e6+ Ke8 49. Bb5+ Kf8 50. e7+ 1-0


[Site "https://www.chess.com"]

[Event "Titled Tuesday Blitz August 15 Early 2023"]
[White "Hambleton, Aman"]
[Black "Lacasa Diaz, Jose Antonio"]
[WhiteFideId "2606577"]
[BlackFideId "2203375"]
[WhiteElo "2754"]
[BlackElo "2380"]
[Result "1-0"]
[Round "2"]
[TimeControl "180+1"]
[Date "2023.08.15"]
[WhiteClock "0:00:11"]
[BlackClock "0:01:31"]
[Board "139"]

1. d4 d5 2. c4 e6 3. Nc3 c5 4. cxd5 exd5 5. Nf3 Nc6 6. g3 Nf6 7. Bg2 cxd4 8. Nxd4 Bc5 9. Nb3 Bb6 10. Nxd5 Be6 11. Nxb6 Qxd1+ 12. Kxd1 axb6 13. Nd2 Ke7 14. b3 Rhd8 15. Bxc6 bxc6 16. Ke1 Bd5 17. f3 b5 18. a4 bxa4 19. bxa4 Rdb8 20. e4 Be6 21. Ke2 Ke8 22. Kd3 Rb4 23. a5 Rb5 24. a6 Rb6 25. a7 Rb7 26. Kc2 Raxa7 27. Rxa7 Rxa7 28. Bb2 Ke7 29. Bd4 Rd7 30. Kc3 g6 31. Bc5+ Ke8 32. Ra1 Rd8 33. Ra7 Nd7 34. Bd6 Nb6 35. Bc7 Rxd2 36. Kxd2 Nc4+ 37. Ke2 Kf8 38. Kd3 Kg7 39. f4 f5 40. Be5+ Kh6 41. exf5 Bxf5+ 42. Kxc4 Be6+ 43. Kc5 Bd5 44. Rd7 g5 45. fxg5+ Kxg5 46. Bf4+ Kg4 47. Rxd5 cxd5 48. Kxd5 h5 49. h4 Kf5 50. Kd6 Kg4 51. Ke6 Kh3 52. Kf6 Kg4 53. Kg6 Kh3 54. Kxh5 Kh2 55. Kg5 Kg2 56. Be5 Kf2 57. g4 Kg2 58. Bh8 1-0


[Site "https://www.chess.com"]

[Event "Titled Tuesday Blitz August 15 Early 2023"]
[White "Shcherbin, Matvei"]
[Black "Vafin, Ayrat"]
[WhiteFideId "24125164"]
[BlackFideId "4146530"]
[WhiteElo "2742"]
[BlackElo "2378"]
[Result "1/2-1/2"]
[Round "2"]
[TimeControl "180+1"]
[Date "2023.08.15"]
[WhiteClock "0:00:38"]
[BlackClock "0:00:26"]
[Board "140"]

1. e4 e5 2. Nf3 Nf6 3. Nxe5 d6 4. Nf3 Nxe4 5. Nc3 Nxc3 6. dxc3 Be7 7. Bd3 Nc6 8. Bf4 Be6 9. Qd2 Qd7 10. O-O-O Bf6 11. Kb1 O-O-O 12. Ng5 Bxg5 13. Bxg5 f6 14. Be3 a6 15. f4 Bf5 16. Bc4 Rhe8 17. Rhe1 Be6 18. Bd5 Bxd5 19. Qxd5 Ne7 20. Qh5 Qf5 21. Qf7 Qg6 22. Qe6+ Kb8 23. Qh3 h5 24. Bg1 Nf5 25. g3 Rxe1 26. Rxe1 Re8 27. Qf1 Rxe1+ 28. Qxe1 Qf7 29. Qf2 b6 30. Qe2 Qe7 31. Qd2 Qe4 32. b3 d5 33. Kb2 Kb7 34. Qd1 g6 35. Bf2 Kc6 36. a4 Ne3 37. Bxe3 Qxe3 38. Qf1 Kb7 39. Qh1 Qe4 40. Qd1 Kc6 41. Qf1 Kb7 42. Qf2 Kc6 43. h3 Kb7 44. Qf1 Qe3 45. Qg2 Qe4 46. Qf2 Kc6 47. g4 hxg4 48. hxg4 f5 49. gxf5 gxf5 50. Qg3 Kb7 51. Qf2 Kc6 52. Qd2 Kb7 53. b4 Kc6 54. Qh2 Kb7 55. Qh6 Qc4 56. Qe6 Qe4 57. Qd7 Qxf4 58. Qxd5+ Ka7 59. a5 bxa5 60. Qxa5 Kb7 61. Qd5+ Kb6 62. Qc5+ Kb7 63. c4 Qe4 64. b5 axb5 65. Qxb5+ Kc8 66. Qc5 f4 67. Qf8+ Kb7 68. Qb4+ Kc8 69. Qf8+ Kb7 70. Qb4+ Kc8 71. Qf8+ 1/2-1/2


[Site "https://www.chess.com"]

[Event "Titled Tuesday Blitz August 15 Early 2023"]
[White "Jaracz, Pawel"]
[Black "Avazkhonov, Alikhon"]
[WhiteFideId "1102222"]
[BlackFideId "14208504"]
[WhiteElo "2739"]
[BlackElo "2378"]
[Result "0-1"]
[Round "2"]
[TimeControl "180+1"]
[Date "2023.08.15"]
[WhiteClock "0:00:34"]
[BlackClock "0:00:09"]
[Board "141"]

1. Nf3 d5 2. c4 c6 3. d4 e6 4. e3 f5 5. Be2 Nf6 6. O-O Bd6 7. Ne5 O-O 8. Nc3 b6 9. f4 Bb7 10. Bd2 Nbd7 11. Qc2 a5 12. cxd5 cxd5 13. Nb5 Rc8 14. Qa4 Bxe5 15. dxe5 Ne4 16. Be1 Ndc5 17. Qa3 Ba6 18. b4 Bxb5 19. Bxb5 axb4 20. Bxb4 Qh4 21. Qa7 Ra8 22. Qxb6 Rfb8 23. Qc6 Rc8 24. Be1 Qd8 25. a4 Rxc6 26. Bxc6 Qb6 27. Bb5 Qxb5 28. axb5 Rxa1 29. Bh4 Rxf1+ 30. Kxf1 Kf7 31. b6 Ke8 32. h3 Nd7 33. b7 Nec5 34. g4 g6 35. Be1 Nxb7 36. Kf2 Ndc5 37. Kg3 Ne4+ 38. Kh4 Kf7 39. g5 Nbc5 40. Bb4 Nb3 41. Be1 Nc1 42. Bb4 Ne2 43. Be1 Ng1 44. Bf2 Nf3# 0-1


[Site "https://www.chess.com"]

[Event "Titled Tuesday Blitz August 15 Early 2023"]
[White "Pulpan, Jakub"]
[Black "dr_tatiana"]
[WhiteFideId "302759"]
[WhiteElo "2722"]
[BlackElo "2378"]
[Result "0-1"]
[Round "2"]
[TimeControl "180+1"]
[Date "2023.08.15"]
[WhiteClock "0:00:02"]
[BlackClock "0:00:47"]
[Board "142"]

1. Nf3 d5 2. d3 c6 3. h3 Nf6 4. Nc3 Bf5 5. Nh4 Bc8 6. g4 e5 7. Bg2 Bd6 8. Nf5 Bxf5 9. gxf5 h6 10. e3 Qe7 11. Qf3 Nbd7 12. Bd2 O-O-O 13. O-O-O Bb4 14. a3 Bxc3 15. Bxc3 e4 16. dxe4 Nxe4 17. Bxg7 Rhg8 18. Bxh6 Ne5 19. f6 Qe6 20. Qh5 Rxg2 21. Rhf1 Rxf2 22. Rxf2 Nxf2 23. Rf1 Ne4 24. Bg7 Nc4 25. Re1 Qd6 26. Qg4+ Kb8 27. h4 Nxf6 28. Qf4 Qxf4 29. exf4 Nh5 30. Bh6 Rh8 31. Bg5 f6 32. b3 fxg5 33. hxg5 Nd6 34. Re5 Nxf4 35. Re1 Rg8 36. Rf1 0-1


[Site "https://www.chess.com"]

[Event "Titled Tuesday Blitz August 15 Early 2023"]
[White "Rietze, Clemens, Dr."]
[Black "Lamaze, Simon"]
[WhiteFideId "24620351"]
[BlackFideId "36069264"]
[WhiteElo "2378"]
[BlackElo "2713"]
[Result "0-1"]
[Round "2"]
[TimeControl "180+1"]
[Date "2023.08.15"]
[WhiteClock "0:00:10"]
[BlackClock "0:00:42"]
[Board "143"]

1. d4 d5 2. c4 e6 3. Nf3 Nf6 4. Nc3 Be7 5. Bf4 O-O 6. e3 b6 7. Be2 Bb7 8. O-O Nbd7 9. Qc2 a6 10. cxd5 exd5 11. Rfd1 Rc8 12. Rac1 Re8 13. h3 Nf8 14. Ne5 Ne6 15. Bh2 c5 16. dxc5 bxc5 17. Qb1 d4 18. Na4 Be4 19. Bd3 Ba8 20. Bc4 Bd6 21. exd4 cxd4 22. Bxe6 Rxe6 23. Rxd4 Rxc1+ 24. Qxc1 Qe8 25. Rc4 Bb7 26. f4 Ne4 27. Nc6 Bf8 28. Nd4 Rg6 29. f5 Rg5 30. Bf4 Rxg2+ 31. Kxg2 Nd2+ 32. Kf2 Nxc4 33. Qxc4 Qe4 34. Be3 Qg2+ 35. Ke1 Qxh3 36. Kd2 Be4 37. f6 gxf6 38. Nc5 Bg6 39. Nd3 Qg2+ 40. Kc3 Qe4 41. Nf2 Qxe3+ 42. Nd3 h5 0-1


[Site "https://www.chess.com"]

[Event "Titled Tuesday Blitz August 15 Early 2023"]
[White "Gu, Xiaobing"]
[Black "Vaibhav, Suri"]
[WhiteFideId "8602611"]
[BlackFideId "5045185"]
[WhiteElo "2378"]
[BlackElo "2711"]
[Result "0-1"]
[Round "2"]
[TimeControl "180+1"]
[Date "2023.08.15"]
[WhiteClock "0:00:25"]
[BlackClock "0:00:58"]
[Board "144"]

1. e4 c5 2. Nf3 Nc6 3. Bb5 e5 4. Nc3 Bd6 5. a4 Nge7 6. d3 O-O 7. O-O Ng6 8. Bg5 Be7 9. Be3 d6 10. Bc4 Kh8 11. Nd5 Be6 12. c3 h6 13. d4 cxd4 14. cxd4 Bg4 15. Be2 Bxf3 16. Bxf3 Bg5 17. dxe5 Bxe3 18. Nxe3 dxe5 19. Be2 Nd4 20. Bc4 Rc8 21. Bd5 Nf4 22. Qg4 f5 23. exf5 Nxd5 0-1


[Site "https://www.chess.com"]

[Event "Titled Tuesday Blitz August 15 Early 2023"]
[White "Akobian, Varuzhan"]
[Black "Topalov, Aleksandar"]
[WhiteFideId "13300580"]
[BlackFideId "925659"]
[WhiteElo "2709"]
[BlackElo "2375"]
[Result "1-0"]
[Round "2"]
[TimeControl "180+1"]
[Date "2023.08.15"]
[WhiteClock "0:00:22"]
[BlackClock "0:00:11"]
[Board "145"]

1. d4 e6 2. c4 f5 3. Nc3 Nf6 4. Qc2 Bb4 5. Bd2 O-O 6. Nf3 b6 7. a3 Bxc3 8. Bxc3 Ne4 9. g3 Bb7 10. Bg2 Nxc3 11. Qxc3 d6 12. d5 exd5 13. Nd4 c5 14. Ne6 Qe7 15. cxd5 Rf6 16. O-O Nd7 17. e4 fxe4 18. Bxe4 Nf8 19. Rae1 Nxe6 20. dxe6 d5 21. Bg2 Rxe6 22. Rxe6 Qxe6 23. Re1 Qf7 24. Qd3 d4 25. Bxb7 Qxb7 26. Qc4+ Kh8 27. b4 Qc7 28. bxc5 bxc5 29. h4 h6 30. Rc1 Rc8 31. Qd5 Qc6 32. Qc4 a5 33. a4 Rd8 34. Qxc5 Qxc5 35. Rxc5 d3 36. Rc1 Rd4 37. Rd1 Kg8 38. Kg2 Kf7 39. Kf3 Ke6 40. Ke3 Kd5 41. Rxd3 Rxd3+ 42. Kxd3 Kc5 43. Kc3 Kd5 44. f3 Kc5 45. h5 Kd5 46. g4 Ke5 47. Kc4 Kf4 48. Kb5 Kxf3 49. Kxa5 Kxg4 50. Kb4 Kxh5 51. a5 g5 52. a6 g4 53. a7 g3 54. a8=Q Kg4 55. Qe4+ Kh3 56. Qh1+ Kg4 57. Kc3 h5 58. Kd3 h4 59. Ke3 h3 60. Qe4+ Kg5 61. Kf3 g2 62. Kf2 1-0


[Site "https://www.chess.com"]

[Event "Titled Tuesday Blitz August 15 Early 2023"]
[White "Der_Balak_3Halak"]
[Black "Priasmoro, Novendra"]
[BlackFideId "7105029"]
[WhiteElo "2375"]
[BlackElo "2701"]
[Result "0-1"]
[Round "2"]
[TimeControl "180+1"]
[Date "2023.08.15"]
[WhiteClock "0:00:25"]
[BlackClock "0:00:15"]
[Board "146"]

1. e4 e5 2. Nf3 Nc6 3. Bb5 a6 4. Bxc6 dxc6 5. O-O Bg4 6. h3 h5 7. d3 Qf6 8. Nbd2 Ne7 9. Re1 Ng6 10. d4 Bd6 11. Nc4 Bxf3 12. Qxf3 Qxf3 13. gxf3 exd4 14. e5 Bb4 15. Re4 b5 16. a3 Be7 17. Nd6+ cxd6 18. exd6 c5 19. b4 Rc8 20. a4 cxb4 21. axb5 axb5 22. dxe7 f5 23. Re2 Kf7 24. Bg5 Rhe8 25. Ra7 b3 26. cxb3 d3 27. Rd2 Rc3 28. Rb7 Rxb3 29. h4 Nxe7 30. Rd1 b4 31. Re1 d2 32. Rexe7+ Rxe7 33. Rxe7+ Kg6 34. Rd7 Rb1+ 35. Kg2 d1=Q 36. Rxd1 Rxd1 37. Be7 b3 38. Ba3 Rd2 39. Kg3 Rc2 40. Kf4 b2 41. Bxb2 Rxb2 42. Ke5 Rb4 43. f4 Re4+ 44. Kd5 Rxf4 45. Ke5 Rxh4 46. f4 Rg4 47. Kd4 h4 48. Ke3 h3 49. Kf3 h2 50. Kf2 h1=Q 51. Ke3 Qh3+ 52. Kd2 Rg2+ 53. Ke1 Qh1# 0-1


[Site "https://www.chess.com"]

[Event "Titled Tuesday Blitz August 15 Early 2023"]
[White "Kozelov, Roman"]
[Black "Boyer, Mahel"]
[WhiteFideId "14133377"]
[BlackFideId "45102422"]
[WhiteElo "2369"]
[BlackElo "2683"]
[Result "1-0"]
[Round "2"]
[TimeControl "180+1"]
[Date "2023.08.15"]
[WhiteClock "0:00:51"]
[BlackClock "0:00:02"]
[Board "147"]

1. e4 Nc6 2. d4 d5 3. e5 Bf5 4. Nf3 e6 5. Bd3 Nge7 6. O-O f6 7. exf6 gxf6 8. Re1 Qd7 9. a3 O-O-O 10. b4 Bg4 11. c3 e5 12. dxe5 fxe5 13. Be2 e4 14. Nh4 Rg8 15. Bf4 h5 16. a4 Bg7 17. a5 Be5 18. Bg3 a6 19. b5 Nb8 20. b6 Bxg3 21. hxg3 cxb6 22. axb6 Qd6 23. Qb3 Nec6 24. Nd2 e3 25. Nf1 exf2+ 26. Kxf2 Qc5+ 27. Ne3 Rdf8+ 28. Bf3 Bxf3 29. gxf3 Ne5 30. Qxd5 Qxd5 31. Nxd5 Nd3+ 32. Ke2 Nxe1 33. Ne7+ Kd7 34. Nxg8 Rxg8 35. Rxe1 Rxg3 36. Nf5 Rg2+ 37. Ke3 Rb2 38. Rh1 Rxb6 39. Rxh5 Re6+ 40. Kd3 Nc6 41. Rh7+ Kc8 42. Ne3 Ne5+ 43. Kc2 Nxf3 44. Nd5 Kb8 45. Kb3 Nd2+ 46. Kb4 Ne4 47. c4 Rc6 48. Ne7 Rb6+ 49. Ka5 Re6 50. Nd5 Nc5 51. Rh8+ Ka7 52. Nc7 Nb3+ 53. Ka4 Nc5+ 54. Ka3 Rc6 55. Ra8+ Kb6 56. Nd5+ Ka5 57. Rb8 Ne4 58. Rxb7 Rxc4 59. Nb4 Nc5 60. Nc6# 1-0


[Site "https://www.chess.com"]

[Event "Titled Tuesday Blitz August 15 Early 2023"]
[White "Mgeladze, Tamaz"]
[Black "Smiechu"]
[WhiteFideId "13601202"]
[WhiteElo "2671"]
[BlackElo "2362"]
[Result "0-1"]
[Round "2"]
[TimeControl "180+1"]
[Date "2023.08.15"]
[WhiteClock "0:00:00"]
[BlackClock "0:00:24"]
[Board "149"]

1. c4 Nf6 2. Nc3 c5 3. g3 Nc6 4. Bg2 g6 5. Nf3 Bg7 6. O-O O-O 7. d3 d5 8. cxd5 Nxd5 9. Nxd5 Qxd5 10. Be3 Qd6 11. Rc1 b6 12. d4 c4 13. Rxc4 Be6 14. Rc1 Rac8 15. Bf4 Qd7 16. e3 Bh3 17. Bxh3 Qxh3 18. Qa4 Qd7 19. Rc3 Qd5 20. Rfc1 Qxf3 21. Rxc6 Rxc6 22. Qxc6 Qe2 23. Rc2 Qd1+ 24. Kg2 h6 25. h4 Qg4 26. Qf3 Qf5 27. e4 Qa5 28. Qa3 Qe1 29. Qd3 Rd8 30. d5 Qa5 31. b3 Qb4 32. Qd2 Qb5 33. Bxh6 Bh8 34. Be3 Qd7 35. Bd4 e5 36. Be3 f5 37. f3 Rf8 38. Rc6 Qf7 39. Bf2 fxe4 40. fxe4 Qf3+ 41. Kg1 Qxe4 42. Qc2 Qxc2 43. Rxc2 Rd8 44. Rc6 Kf7 45. d6 Rd7 46. Rc7 Ke6 47. Rxd7 Kxd7 48. Kg2 Kxd6 49. Kf3 Kd5 50. Kg4 e4 51. Kg5 Bd4 52. Be1 e3 53. Kxg6 Ke4 54. h5 Kf3 55. h6 Ke2 56. Bb4 a5 57. Be7 Kf2 58. g4 Kf3 59. h7 e2 60. Bh4 Kxg4 61. Be1 Kf3 62. Kf7 Kg2 63. Kg8 Kf1 64. Bd2 e1=Q 65. Bxe1 Kxe1 66. h8=Q Bxh8 67. Kxh8 Kd2 68. Kg7 Kc2 69. Kf6 Kb2 0-1


[Site "https://www.chess.com"]

[Event "Titled Tuesday Blitz August 15 Early 2023"]
[White "Amanov, Zhanibek"]
[Black "Haug, Havard"]
[WhiteFideId "13700189"]
[BlackFideId "1547887"]
[WhiteElo "2362"]
[BlackElo "2666"]
[Result "0-1"]
[Round "2"]
[TimeControl "180+1"]
[Date "2023.08.15"]
[WhiteClock "0:00:32"]
[BlackClock "0:01:34"]
[Board "150"]

1. e4 c6 2. d4 d5 3. exd5 cxd5 4. Bd3 Nc6 5. c3 Qc7 6. Ne2 Bg4 7. f3 Bd7 8. Bf4 e5 9. dxe5 Nxe5 10. O-O Nf6 11. Nd4 Bd6 12. Nb5 Qb6+ 13. Kh1 Bxb5 14. Bxb5+ Qxb5 15. Bxe5 Bxe5 16. Re1 O-O 17. Rxe5 Qxb2 18. Nd2 Qxc3 19. Rg5 Rfe8 20. Rc1 Qb2 21. Nb3 Qxa2 22. Qd4 Qxb3 23. Qxf6 g6 24. h4 Qe3 25. Rb1 Re6 26. Qb2 Rb6 27. Qc2 Rxb1+ 28. Qxb1 Re8 0-1


[Site "https://www.chess.com"]

[Event "Titled Tuesday Blitz August 15 Early 2023"]
[White "arturdailima"]
[Black "Sipila, Vilka"]
[BlackFideId "505455"]
[WhiteElo "2361"]
[BlackElo "2623"]
[Result "0-1"]
[Round "2"]
[TimeControl "180+1"]
[Date "2023.08.15"]
[WhiteClock "0:00:05"]
[BlackClock "0:00:26"]
[Board "151"]

1. e4 e5 2. Nf3 Nf6 3. Nxe5 d6 4. Nf3 Nxe4 5. Qe2 Qe7 6. Nc3 Nf6 7. d4 Nc6 8. Bg5 Qxe2+ 9. Bxe2 Be7 10. O-O-O h6 11. Bh4 g5 12. Bg3 Nh5 13. Rhe1 f5 14. d5 Nb8 15. Bb5+ Kd8 16. h4 f4 17. Bh2 g4 18. Nd4 Bxh4 19. Ne6+ Bxe6 20. Rxe6 Bxf2 21. Bg1 Bxg1 22. Rxg1 Nd7 23. Rh1 Ng3 24. Rhxh6 Rxh6 25. Rxh6 Nf8 26. Rf6 Ke7 27. Rxf4 a6 28. Bd3 Nd7 29. Rxg4 Nh5 30. Rg5 Rh8 31. Be2 Nf4 32. Bf3 Kf6 33. Rg4 Ng6 34. Ne4+ Kg7 35. Ng5 Nf6 36. Ne6+ Kf7 37. Rg5 Rc8 38. Nd4 Ne5 39. Rf5 Rg8 40. Ne6 c6 41. Nf4 c5 42. Nh5 Nd7 43. Nxf6 Nxf6 44. g4 Ke7 45. g5 Nh7 46. Kd2 Nxg5 47. Be2 Ne4+ 48. Ke3 Nf6 49. c4 Rg2 50. Kf3 Rh2 51. Rg5 Kf7 52. Bd3 Rxb2 53. Rg2 Rxg2 54. Kxg2 Nd7 55. Be2 Kf6 56. Kf2 Ke5 57. Ke3 Nf6 58. Bd3 Ng4+ 59. Kd2 Kd4 60. Bf5 Ne5 61. Bc8 Nxc4+ 62. Kc2 Na5 63. Be6 c4 64. Bf7 b5 65. a3 Kc5 66. Be6 Nb3 67. Bc8 Nd4+ 68. Kc3 a5 69. Be6 b4+ 70. axb4+ axb4+ 71. Kb2 Nxe6 72. dxe6 Kc6 73. e7 Kd7 74. e8=Q+ Kxe8 0-1


[Site "https://www.chess.com"]